 Dungeon Crawl Stone Soup version 0.28-a0-1429-gf3d713df7a (webtiles) character file.

Game seed: 15707556116534310540

1808 Gargoyl the Skirmisher (level 9, -3/65 HPs)
             Began as a Gnoll Abyssal Knight on Jan 8, 2022.
             Was an Elder of Lugonu.
             Slain by an orc warrior (7 damage)
             ... on level 6 of the Dungeon.
             The game lasted 00:08:09 (7548 turns).

Gargoyl the Skirmisher (Gnoll Abyssal Knight)       Turns: 7548, Time: 00:08:09

Health: -3/65      AC: 16    Str: 18    XL:     9   Next: 10%
Magic:  14/14      EV:  9    Int:  9    God:    Lugonu [****..]
Gold:   137        SH:  0    Dex: 14    Spells: 15/15 levels left

rFire   . . .      SeeInvis .   j - +4 whip of Wonderful Fortitude {vamp, Str+2}
rCold   . . .      Faith    .   (no shield)
rNeg    . . .      Spirit   .   m - +0 chain mail
rPois   +          Reflect  .   g - +0 helmet
rElec   .          Harm     .   t - +0 cloak
rCorr   .          Rampage  .   c - +2 pair of gloves
Will    .....                   (no boots)
Stlth   ..........              (no amulet)
HPRegen 0.20/turn               u - ring of poison resistance
MPRegen 0.14/turn               (no ring)

@: no status effects
A: fangs 1, strong nose, distributed training, talons 1, frail 1
a: Renounce Religion, Depart the Abyss, Bend Space, Banish, Corrupt


You were on level 6 of the Dungeon.
You worshipped Lugonu.
Lugonu was greatly pleased with you.
You visited 1 branch of the dungeon, and saw 6 of its levels.
You visited the Abyss 1 time.

You collected 137 gold pieces.

Inventory:

Hand Weapons
 a - a +2 hand axe
 d - a +2 whip of draining
 j - the +4 whip of Wonderful Fortitude (weapon) {vamp, Str+2}
   (You found it on level 2 of the Dungeon)

   It occasionally heals its wielder for a portion of the damage dealt when it
   wounds a living foe.
   Str:       It affects your strength (+2).
Missiles
 k - 69 poisoned darts (quivered)
 n - 2 throwing nets
Armour
 c - a +2 pair of gloves (worn)
 g - a +0 helmet (worn)
 m - a +0 chain mail (worn)
 t - a +0 cloak (worn)
Jewellery
 u - a ring of poison resistance (left hand)
Wands
 f - a wand of iceblast (12)
 h - a wand of polymorph (7)
 r - a wand of mindburst (7)
Scrolls
 i - a scroll of fear
 o - 2 scrolls of teleportation
 q - a scroll of identify
Potions
 b - a potion of magic
 e - a potion of mutation
 l - a potion of brilliance
 p - a potion of lignification
 v - a potion of flight {unknown}
 w - 2 potions of attraction {unknown}


   Skills:
 + Level 7.7 Fighting
 + Level 3.9 Short Blades
 + Level 3.9 Long Blades
 + Level 6.1 Axes
 + Level 3.9 Maces & Flails
 + Level 3.9 Polearms
 + Level 3.9 Staves
 + Level 3.9 Slings
 + Level 3.9 Bows
 + Level 3.9 Crossbows
 + Level 3.9 Throwing
 + Level 6.1 Armour
 + Level 4.7 Dodging
 + Level 3.9 Stealth
 + Level 3.9 Shields
 + Level 3.9 Unarmed Combat
 + Level 3.9 Spellcasting
 + Level 3.2 Conjurations
 + Level 3.2 Hexes
 + Level 3.2 Summonings
 + Level 3.2 Necromancy
 + Level 3.2 Translocations
 + Level 3.2 Transmutations
 + Level 3.2 Fire Magic
 + Level 3.2 Ice Magic
 + Level 3.2 Air Magic
 + Level 3.2 Earth Magic
 + Level 3.2 Poison Magic
 + Level 6.3 Invocations
 + Level 3.9 Evocations


You had 15 spell levels left.
You didn't know any spells.
Your spell library contained the following spells:

 Spells                   Type           Power      Damage    Failure   Level
 Animate Skeleton         Necr           14%        N/A       63%         1
 Magic Dart               Conj           28%        1d4       63%         1
 Pain                     Necr           28%        1d5       63%         1
 Searing Ray              Conj           14%        2d5       77%         2
 Dazzling Flash           Conj/Hex       14%        N/A       94%         3
 Gell's Gravitas          Tloc           7%         N/A       94%         3
 Lesser Beckoning         Tloc           7%         N/A       94%         3
 Teleport Other           Tloc           7%         N/A       94%         3
 Vampiric Draining        Necr           7%         2d6       94%         3
 Cause Fear               Hex            3%         N/A       100%        4
 Fulminant Prism          Conj/Hex       3%         3d6       100%        4
 Iskenderun's Mystic Bla  Conj/Tloc      7%         2d4       100%        4
 Starburst                Conj/Fire      3%         6d3       100%        6
 Dragon Form              Tmut           3%         N/A       100%        7
 Dragon's Call            Summ           3%         N/A       100%        9


Dungeon Overview and Level Annotations

Branches:
Dungeon (6/15)             Temple (0/1) D:6

Altars:
Fedhas
Nemelex Xobeh

Shops:
D:3 *


Innate Abilities, Weirdness & Mutations

You have very sharp teeth.
Your uncanny sense of smell can sniff out nearby items.
Your experience applies equally to all skills.
You have sharp toenails.
You are frail. (-10% HP)


Message History

The orc wizard flickers and vanishes!
Deactivating autopickup; reactivate with Ctrl-A.
You hit the orc warrior.
You feel better.
Your kick misses the orc warrior.
The orc warrior is lightly wounded.
The orc warrior hits you with a +3 war axe!
You barely miss the orc warrior. Your kick misses the orc warrior.
The orc warrior is lightly wounded.
The orc warrior hits you with a +3 war axe.
You hit the orc warrior but do no damage.
You claw the orc warrior.
The orc warrior is moderately wounded.
The orc warrior hits you with a +3 war axe!
You hit the orc warrior.
You feel better.
You claw the orc warrior, but do no damage.
You bite the orc warrior, but do no damage.
The orc warrior is moderately wounded.
The orc warrior barely misses you.
You hit the orc warrior but do no damage.
Your kick misses the orc warrior.
The orc warrior is moderately wounded.
The orc warrior barely misses you.
You barely miss the orc warrior.
The orc warrior is moderately wounded.
The orc warrior hits you with a +3 war axe!
You completely miss the orc warrior.
The orc warrior is moderately wounded.
The orc warrior hits you with a +3 war axe.
* * * LOW HITPOINT WARNING * * *
You hit the orc warrior but do no damage.
You claw the orc warrior, but do no damage.
Your bite misses the orc warrior.
The orc warrior is moderately wounded.
The orc warrior hits you with a +3 war axe!
* * * LOW HITPOINT WARNING * * *
You hit the orc warrior but do no damage.
Your kick misses the orc warrior.
You bite the orc warrior, but do no damage.
The orc warrior is moderately wounded.
The orc warrior hits you with a +3 war axe!
You die...

## #....o.##.## ..
##....###..# ##.
#...# ##..## ...
#....##....## ..#
##...........#
..####...#..###.o###
........#.. ##{# ###
........#. #o# #.#
........# #@# ##.#
....###...# #.# #.##
....# #..# #.# ##.#
##..# #.### ##.###.##
#..## #....###......#
#...##..##.....####.#
##.....###..#..# ###
#.....###..##..#
...##..###..###.#


You could see an orc warrior and an orc wizard.

Vanquished Creatures
  Menkaure (D:6)
  An orc warrior (D:5)
  A black bear (D:3)
  An ogre (D:4)
  A necrophage (D:5)
  3 phantoms
  3 scorpions
  2 howler monkeys
  A centaur skeleton (D:4)
  7 hounds
  2 jellies (D:1)
  6 orc priests
  Crazy Yiuf (D:5)
  A bullfrog skeleton (D:4)
  2 iguanas
  2 orc wizards (D:3)
  A gnoll (D:4)
  6 adders
  A white imp (D:6)
  8 worms
  A dart slug (D:1)
  18 orcs
  10 ball pythons
  8 endoplasms
  4 giant cockroaches
  4 goblins
  8 hobgoblins
  14 jackals
  7 quokkas
  4 bats
  2 frilled lizards
  11 kobolds
  12 rats
154 creatures vanquished.

Vanquished Creatures (others)
  A fungus (D:5)
1 creature vanquished.

Grand Total: 155 creatures vanquished

Notes
Turn   | Place    | Note
-------+----------+-------------------------------------------
     0 | Abyss:1  | Gargoyl the Gnoll Abyssal Knight began the quest for the
                  | Orb.
     0 | Abyss:1  | Reached XP level 1. HP: 23/23 MP: 3/3
    28 | D:1      | Escaped the Abyss
    42 | D:1      | Found a runed translucent door.
    42 | D:1      | Noticed a jelly
    78 | D:1      | Reached XP level 2. HP: 20/29 MP: 5/5
    92 | D:1      | Reached * piety under Lugonu
   359 | D:1      | You fall into a shaft and drop 1 floor!
   528 | D:2      | Found a faded altar of an unknown god.
   637 | D:2      | Reached XP level 3. HP: 31/35 MP: 6/6
  1055 | D:2      | Identified the +4 whip of Wonderful Fortitude {vamp, Str+2}
  1484 | D:1      | Reached skill level 1 in Short Blades
  1484 | D:1      | Reached skill level 1 in Long Blades
  1484 | D:1      | Reached skill level 1 in Maces & Flails
  1484 | D:1      | Reached skill level 1 in Polearms
  1484 | D:1      | Reached skill level 1 in Staves
  1484 | D:1      | Reached skill level 1 in Slings
  1484 | D:1      | Reached skill level 1 in Bows
  1484 | D:1      | Reached skill level 1 in Crossbows
  1484 | D:1      | Reached skill level 1 in Throwing
  1484 | D:1      | Reached skill level 1 in Stealth
  1484 | D:1      | Reached skill level 1 in Shields
  1484 | D:1      | Reached skill level 1 in Unarmed Combat
  1484 | D:1      | Reached skill level 1 in Spellcasting
  1484 | D:1      | Reached skill level 1 in Evocations
  1537 | D:1      | Reached XP level 4. HP: 41/41 MP: 7/7
  1903 | D:1      | Reached ** piety under Lugonu
  1904 | D:1      | Reached skill level 1 in Conjurations
  1904 | D:1      | Reached skill level 1 in Hexes
  1904 | D:1      | Reached skill level 1 in Summonings
  1904 | D:1      | Reached skill level 1 in Necromancy
  1904 | D:1      | Reached skill level 1 in Translocations
  1904 | D:1      | Reached skill level 1 in Transmutations
  1904 | D:1      | Reached skill level 1 in Fire Magic
  1904 | D:1      | Reached skill level 1 in Ice Magic
  1904 | D:1      | Reached skill level 1 in Air Magic
  1904 | D:1      | Reached skill level 1 in Earth Magic
  1904 | D:1      | Reached skill level 1 in Poison Magic
  1909 | D:1      | Reached XP level 5. HP: 39/47 MP: 8/8
  2458 | D:3      | Found Abeiz's Assorted Antiques.
  2710 | D:3      | Noticed a black bear
  2769 | D:3      | Killed a black bear
  2770 | D:3      | Reached skill level 5 in Invocations
  2770 | D:3      | Reached XP level 6. HP: 29/53 MP: 9/9
  2965 | D:3      | Reached skill level 5 in Axes
  2965 | D:3      | Reached skill level 5 in Armour
  3071 | D:3      | Reached *** piety under Lugonu
  3163 | D:3      | Found a sparkling altar of Nemelex Xobeh.
  3168 | D:3      | Found a blossoming altar of Fedhas.
  3962 | D:4      | Reached skill level 7 in Fighting
  3962 | D:4      | Reached XP level 7. HP: 25/60 MP: 10/10
  5049 | D:4      | Reached XP level 8. HP: 51/67 MP: 12/12
  5632 | D:5      | Entered Level 5 of the Dungeon
  5636 | D:5      | Gained mutation: You are frail. (-10% HP) [potion of
                  | mutation]
  5636 | D:5      | Gained mutation: You have sharp toenails. [potion of
                  | mutation]
  5762 | D:5      | Reached **** piety under Lugonu
  6570 | D:5      | Found a runed translucent door.
  6571 | D:5      | Noticed Crazy Yiuf
  6579 | D:5      | Killed Crazy Yiuf
  7180 | D:6      | Noticed Menkaure
  7190 | D:6      | Killed Menkaure
  7191 | D:6      | Reached XP level 9. HP: 58/64 MP: 14/14
  7360 | D:6      | Found a staircase to the Ecumenical Temple.
  7548 | D:6      | Slain by an orc warrior

Illustrated notes

Levels and vault maps discovered:
D:1:      dpeg_arrival_caged_fury, layout_basic, minmay_split_cup_small
D:2:      layout_loops_corners, serial_glass, glass_columns_b, glass_columns_a,
          due_unseen_surprise, shapermc_ecumenical_altar_gd, dk_noncrumbling_2
D:3:      minmay_recursive_quarters, layout_basic,
          mainiacjoe_overflow_catwalk_spiral, serial_shops, shop,
          minmay_misc_feat_secret_circle
D:4:      layout_cave_pods, cheibrodos_gnoll_hut
D:5:      layout_basic, hangedman_abyss_or_decor_slice, uniq_crazy_yiuf_cottage
D:6:      layout_layer_cave, kennysheep_okawaru_gauntlet,
          minmay_temple_entry_statues_fountains, nicolae_zen_rock_garden,
          uniq_menkaure

Skill      XL: |  1  2  3  4  5  6  7  8 |
---------------+-------------------------+-----
Short Blades   | 1 2 3 |  3.9
Long Blades    | 1 2 3 |  3.9
Maces & Flails | 1 2 3 |  3.9
Polearms       | 1 2 3 |  3.9
Staves         | 1 2 3 |  3.9
Slings         | 1 2 3 |  3.9
Bows           | 1 2 3 |  3.9
Crossbows      | 1 2 3 |  3.9
Throwing       | 1 2 3 |  3.9
Stealth        | 1 2 3 |  3.9
Shields        | 1 2 3 |  3.9
Unarmed Combat | 1 2 3 |  3.9
Spellcasting   | 1 2 3 |  3.9
Evocations     | 1 2 3 |  3.9
Conjurations   | 1 2 3 |  3.2
Hexes          | 1 2 3 |  3.2
Summonings     | 1 2 3 |  3.2
Necromancy     | 1 2 3 |  3.2
Translocations | 1 2 3 |  3.2
Transmutations | 1 2 3 |  3.2
Fire Magic     | 1 2 3 |  3.2
Ice Magic      | 1 2 3 |  3.2
Air Magic      | 1 2 3 |  3.2
Earth Magic    | 1 2 3 |  3.2
Poison Magic   | 1 2 3 |  3.2
Dodging        | 3 4 |  4.7
Invocations    | 5 6 |  6.3
Axes           | 5 6 |  6.1
Armour         | 5 6 |  6.1
Fighting       | 7 |  7.7

Action                   |  1- 3 |  4- 6 |  7- 9 || total
-------------------------+-------+-------+-------++-------
Melee: Hand axe          |    19 |       |       ||    19
       Bite              |     5 |    26 |    34 ||    65
       Whip              |    44 |   272 |   287 ||   603
       Punch             |       |     4 |     9 ||    13
       Kick              |       |       |    49 ||    49
Throw: Dart              |       |       |     2 ||     2
Invok: Depart the Abyss  |     1 |       |       ||     1
  Use: Scroll            |       |     9 |     4 ||    13
       Potion            |       |       |     1 ||     1
Armor: Leather armour    |    23 |     6 |       ||    29
       Chain mail        |       |   141 |   209 ||   350
Dodge: Dodged            |    70 |    88 |   124 ||   282

Table legend: (Time is in decaauts)
 A = Elapsed time spent in this place.
 B = Non-inter-level travel time spent in this place.
 C = Inter-level travel time spent in this place.
 D = Time resting spent in this place.
 E = Time spent auto-exploring this place.
 F = Levels seen in this place.
 G = Mean time per level.
                   A        B        C        D        E       F      G
               +--------+--------+--------+--------+--------+-----+--------+
         Total |   7550 |   7333 |    217 |   1077 |   4802 |   7 | 1078.6 |
       Dungeon |   7522 |   7305 |    217 |   1077 |   4775 |   6 | 1253.7 |
         Abyss |     28 |     28 |      0 |      0 |     27 |   1 |   28.0 |
               +--------+--------+--------+--------+--------+-----+--------+

Top non-repeatable levels by time:
     D:3: 1718 daAuts
     D:5: 1518 daAuts
     D:4: 1516 daAuts
     D:2: 1234 daAuts
     D:1: 1145 daAuts
     D:6: 389 daAuts
 Abyss:1: 28 daAuts
